 Dungeon Crawl Stone Soup version 0.16-a0-223-g37887f7 (webtiles) character file.

270 MDvedh the Ruinous (level 6, -2/48 HPs)
             Began as a Deep Elf Conjurer on Aug 20, 2014.
             Slain by Sigmund
             ... wielding a +0 scythe
              (5 damage)
             ... on Level 4 of the Dungeon.
             The game lasted 00:07:09 (4392 turns).

MDvedh the Ruinous (Deep Elf Conjurer)              Turns: 4392, Time: 00:07:09

HP  -2/48        AC 23     Str  5      XL: 6   Next:  1%
MP   9/20        EV  2     Int 22      God:
Gold 132         SH  0     Dex 15      Spells:  3 memorised,  5 levels left

rFire  . . .     SeeInvis .     (no weapon)
rCold  . . .     Clarity  .     a - melded +0 robe
rNeg   + + +     rCorr    .     (no shield)
rPois  +         rRot     .     (no helmet)
rElec  .         Spirit   .     f - melded +0 cloak
SustAb .         Warding  .     (gloves currently unavailable)
rMut   .         NoTele   +     C - melded +0 pair of boots
Gourm  .                        (no amulet)
MR     .....                    (no ring)
                                (no ring)

@: tree-form, not resistant to hostile enchantments, fairly stealthy
A: no striking features
a: no special abilities


You were on level 4 of the Dungeon.
You were not hungry.
You were an animated tree.
You visited 1 branch of the dungeon, and saw 4 of its levels.

You collected 132 gold pieces.

Inventory:

Armour
 a - a +0 robe (melded)
 f - a +0 cloak (melded)
 C - a +0 pair of boots (melded)
Magical devices
 t - a wand of digging (12) {unknown}
Comestibles
 b - 3 bread rations
 i - 4 meat rations
 p - a beef jerky
 q - 2 slices of pizza
 w - 4 fruits
Scrolls
 g - 7 scrolls of identify {unknown}
 j - 2 scrolls of random uselessness {unknown}
 k - a scroll of amnesia {unknown}
 m - 2 scrolls of remove curse {unknown}
 o - 2 scrolls of fear {unknown}
 r - a scroll of enchant weapon {unknown}
 u - 2 scrolls of fog {unknown}
 v - a scroll of teleportation {unknown}
 y - a scroll of recharging {unknown}
Jewellery
 x - an uncursed ring of stealth {unknown}
Potions
 d - a potion of degeneration {unknown}
 e - 2 potions of flight
 h - a potion of mutation {unknown}
 l - a potion of beneficial mutation {unknown}
 n - 2 potions of restore abilities {unknown}
 s - a potion of poison {unknown}
 z - a potion of curing {unknown}
 A - 2 potions of lignification
 B - a potion of might {unknown}
Books
 c - a book of Conjurations

   Spells                             Type                      Level
   *Magic Dart                        Conjuration                  1
   *Searing Ray                       Conjuration                  2
   Dazzling Spray                     Conjuration/Hexes            3
   Fulminant Prism                    Conjuration/Hexes            4
   Iskenderun's Mystic Blast          Conjuration                  4
   *Iskenderun's Battlesphere         Conjuration/Charms           5


   Skills:
 - Level 2.4 Dodging
 - Level 2.4 Stealth
 - Level 4.1 Spellcasting
 + Level 7.1 Conjurations
 + Level 3.3 Charms


You had 5 spell levels left.
You knew the following spells:

 Your Spells              Type           Power        Failure   Level  Hunger
a - Magic Dart            Conj           ####         1%          1    None
b - Searing Ray           Conj           #####.       1%          2    #......
c - Iskenderun's Battles  Conj/Chrm      ####....     38%         5    #####..


Dungeon Overview and Level Annotations

Branches:
Dungeon (4/15)
 Temple: D:4-7

Altars:
Nemelex Xobeh
Trog

Annotations:
D:4 Sigmund


Message History

Something tries to affect you, but you resist.
You hear some strange, mumbled words.
You are confused.
Drink which item? (? for menu, Esc to quit)
You turn into an animated tree.
Your +0 cloak melds into your body.
Your +0 pair of boots melds into your body.
Your +0 robe melds into your body.
Your roots penetrate the ground.
It was a potion of lignification.
Something hits you but does no damage.
You cannot move. (Use ctrl+direction to attack without moving)
You cannot move. (Use ctrl+direction to attack without moving)
You cannot move. (Use ctrl+direction to attack without moving)
You closely miss something. Something hits you but does no damage.
You swing at nothing.
You feel less confused.
You hit something.
You hear some strange, mumbled words.
The puff of flame hits you!
* * * LOW HITPOINT WARNING * * *
You hit something but do no damage. Something hits you.
You die...

..#...## #.# #..
#...[..###.# #.#
#.........# #.#
###...##### #{# ##.##
#.# #.# #.# #####.#
#.#
......#############.#
##.............<♣...#
####################


There were no monsters in sight!

Vanquished Creatures
  3 orc wizards (D:4)
  Natasha (thrice) (D:4)
  A worker ant (D:4)
  4 adders
  6 giant geckos
  7 orcs
  13 bats
  4 hobgoblins
  2 quokkas
  A ball python (D:2)
  A ball python skeleton (D:4)
  7 giant cockroaches
  2 giant newts (D:2)
  10 goblins
  12 kobolds
  9 rats
85 creatures vanquished.

Notes
Turn   | Place    | Note
--------------------------------------------------------------
     0 | D:1      | MDvedh, the Deep Elf Conjurer, began the quest for the Orb.
     0 | D:1      | Reached XP level 1. HP: 10/10 MP: 5/5
   413 | D:1      | Reached XP level 2. HP: 15/15 MP: 4/9
  1390 | D:2      | Reached XP level 3. HP: 19/19 MP: 8/12
  1413 | D:2      | Learned a level 2 spell: Searing Ray
  1443 | D:2      | Reached skill level 5 in Conjurations
  1492 | D:2      | Found a sparkling altar of Nemelex Xobeh.
  2134 | D:3      | Found a bloodstained altar of Trog.
  2213 | D:3      | Reached XP level 4. HP: 24/24 MP: 13/15
  2588 | D:3      | Reached skill level 6 in Conjurations
  2847 | D:3      | HP: 1/24 [orc/mace (7)]
  3278 | D:4      | Reached XP level 5. HP: 28/28 MP: 15/18
  3302 | D:4      | Learned a level 5 spell: Iskenderun's Battlesphere
  3302 | D:4      | Noticed Natasha
  3306 | D:4      | Killed Natasha
  3306 | D:4      | Reached skill level 1 in Charms
  3342 | D:4      | Noticed Natasha
  3352 | D:4      | Killed Natasha
  3938 | D:3      | Reached skill level 7 in Conjurations
  4046 | D:4      | Reached XP level 6. HP: 8/32 MP: 12/20
  4315 | D:4      | Noticed Natasha
  4316 | D:4      | Killed Natasha
  4369 | D:4      | Noticed Sigmund
  4392 | D:4      | Slain by Sigmund

Action                   |  1- 3 |  4- 6 || total
-------------------------+-------+-------++-------
Melee: Unarmed           |     6 |     3 ||     9
 Cast: Magic Dart        |    80 |    96 ||   176
       Searing Ray       |       |     8 ||     8
  Use: Potion            |       |     2 ||     2
  Eat: Chunk             |     3 |     2 ||     5
       Meat ration       |       |     1 ||     1
